Cogmind - Beta 14 @@@ ROGUE MODE // 2025.01.10 @ 11:32:28 Player: boreal Result: Destroyed by G-34 Mercenary with Small Laser Performance ------------- Evolutions (0) 0 Regions Visited (1) 200 Robots Destroyed (1) 5 Value Destroyed (34) 34 Prototype IDs (0) 0 Alien Tech Used (0) 0 Bonus (0) 0 TOTAL SCORE: 239 Bonus ------- None Cogmind --------- Core Integrity 0/250 Matter 280/300 Energy 100/100 System Corruption 0% Temperature Cool (12) Movement Core (50) Location -10/Materials Parts ------- > --- POWER (1) -------- (None) > --- PROPULSION (2) --- (None) > --- UTILITY (2) ------ (None) > --- WEAPON (2) ------- Light Assault Rifle Light Assault Rifle > --- INVENTORY (5) ---- Small Laser Peak State ------------ > --- POWER ------------ Light Ion Engine > --- PROPULSION ------- Aluminum Leg Aluminum Leg > --- UTILITY ---------- Heat Sink > --- WEAPON ----------- Light Assault Rifle Light Assault Rifle > --- INVENTORY -------- Small Laser [Rating: 6] Favorites ----------- Power Light Ion Engine Engine Light Ion Engine Propulsion Aluminum Leg Leg Aluminum Leg Utility Heat Sink Device Heat Sink Weapon Light Assault Rifle Ballistic Gun Light Assault Rifle Build | -11 -10 ------- Run | Yrd Mat Slots Evolved . | . . Power . | . . Propulsion . | . . Utility . | . . Weapon . | . . Parts Attached 6 | 6 . Power 1 | 1 . Engine 1 | 1 . Core . | . . Reactor . | . . Propulsion 2 | 2 . Treads . | . . Leg 2 | 2 . Wheel . | . . Hover . | . . Flight . | . . Utility 1 | 1 . Device 1 | 1 . Storage . | . . Processor . | . . Hackware . | . . Protection . | . . Artifact . | . . Weapon 2 | 2 . Energy Gun . | . . Energy Cannon . | . . Ballistic Gun 2 | 2 . Ballistic Cannon . | . . Launcher . | . . Special Weapon . | . . Impact Weapon . | . . Slashing Weapon . | . . Piercing Weapon . | . . Special Melee Weapon . | . . Unidentified Prototypes . | . . Parts Lost 4 | . 4 Power 1 | . 1 Propulsion 2 | . 2 Utility 1 | . 1 Weapon . | . . Highest Loss Streak 4 | . 4 To Critical Strikes . | . . Average Slot Usage (%) 80 | . 80 Engine 10 | . 10 Leg 26 | . 26 Device 14 | . 14 Ballistic Gun 28 | . 28 Peak Build Rating 6 | 6 6 Average Rating 4 | 3 5 On Entrance 3 | . 6 Naked Turns . | . . Heaviest Build 6 | 6 6 Greatest Support 20 | 20 20 Greatest Overweight (x) . | . . Average Overweight (x) . | . . Largest Inventory Capacity 5 | 5 5 Average Capacity 5 | 5 5 Most Carried 3 | 3 1 Average Carried . | . 1 Final Capacity 5 | 5 5 Final Carried 1 | 1 1 Class Distribution -------------------- 100% | Mutant Dominant Class ---------------- Mutant | -10/Materials Resources | -11 -10 ----------- Run | Yrd Mat Matter Collected 270 | 270 . Remotely . | . . Salvage Created 38 | 38 . Parts 3 | 3 . Haulers Intercepted . | . . Recyclers Shooed . | . . Parts Field Recycled . | . . Retrieved Matter . | . . Parts Self-Destructed . | . . Prevented . | . . Kills | -11 -10 ------- Run | Yrd Mat Combat Hostiles Destroyed 1 | 1 . Guns 1 | 1 . Classes Destroyed 1 | 1 . Grunt 1 | 1 . Best Kill Streak 1 | 1 . Combat Bots Only 1 | 1 . Max Kills in Single Turn 1 | 1 . Gunslinging . | . . Exploded . | . . Melee . | . . Uniques/NPCs Destroyed . | . . Combat | -11 -10 -------- Run | Yrd Mat Hostile Shots Fired 68 | 7 61 Missed 12 | 1 11 Damage Taken 680 | 64 616 Core 256 | 11 245 Absorbed by Shields . | . . Core Remaining (%) 95 | 95 . Volleys Fired 25 | 5 20 Largest 2 | 2 2 Hottest 40 | 40 40 Shots Fired 50 | 10 40 Gun 50 | 10 40 Cannon . | . . Launcher . | . . Special . | . . Kinetic 50 | 10 40 Thermal . | . . Explosive . | . . Electromagnetic . | . . Robot Hit Streak 18 | 4 18 Robot Miss Streak 2 | 2 2 Penetration Max . | . . Secondary Targets . | . . Shots Hit Robots 36 | 6 30 Core Hits 9 | 2 7 Critical Kills . | . . Critical Parts Destroyed . | . . Critical Strikes . | . . Melee Attacks . | . . Impact . | . . Slashing . | . . Piercing . | . . Sneak Attacks . | . . Combat Hostiles . | . . Follow-up Attacks . | . . Damage Inflicted 288 | 62 226 Guns 288 | 62 226 Cannons . | . . Explosions . | . . Melee . | . . Ramming . | . . Kinetic 288 | 62 226 Thermal . | . . Explosive . | . . Electromagnetic . | . . Impact . | . . Slashing . | . . Piercing . | . . Highest Corruption . | . . Average Corruption . | . . Corruption Purged . | . . Corruption Blocked . | . . Overload Shots . | . . Overflow Damage . | . . Projectiles . | . . Explosions . | . . Melee . | . . Knockbacks . | . . Impact . | . . Kinetic . | . . Secondary . | . . Self-Inflicted Damage . | . . Shots . | . . Rammed . | . . Targets Rammed . | . . Kicked . | . . Crushed . | . . Highest Temperature 12 | 12 1 Average Temperature 6 | 7 1 Received Heat Transfer 378 | 36 342 Siege Activations . | . . Robots Corrupted . | . . Combat Hostiles . | . . Parts Fried . | . . Impact Corruptions . | . . Robots Melted . | . . Combat Hostiles . | . . Parts Melted . | . . Heat Transferred . | . . Parts Sabotaged . | . . Parts Stolen . | . . Parts Stripped . | . . Power Chain Reactions . | . . Alert | -11 -10 ------- Run | Yrd Mat Peak Influence 33 | 20 33 Initial 13 | . 13 Average 11 | 2 18 Maximum Alert Level . | . . Low Security (%) 100 | 100 100 Level 1 . | . . Level 2 . | . . Level 3 . | . . Level 4 . | . . Level 5 . | . . High Security . | . . Max Security . | . . Squads Dispatched 2 | . 2 Investigation 1 | . 1 Extermination . | . . Reinforcement 1 | . 1 Assault . | . . Garrison . | . . Intercept . | . . Searches Triggered . | . . Construction Impeded . | . . Haulers Reinforced . | . . Active Scanning Responses . | . . Cargo Convoy Interrupts . | . . Stealth | -11 -10 --------- Run | Yrd Mat Distress Signals . | . . Communications Jammed . | . . Distress Signals . | . . Times Spotted 11 | 1 10 Peak Tracking Total 8 | 1 8 Tactical Retreats . | . . Traps | -11 -10 ------- Run | Yrd Mat Traps Triggered 1 | . 1 Indirectly . | . . Trap Hack Attempts . | . . Triggered . | . . Disarmed . | . . Reprogrammed . | . . Reused . | . . Traps Extracted . | . . Installed . | . . Triggered . | . . Machines | -11 -10 ---------- Run | Yrd Mat Machines Disabled . | . . Max in Single Turn . | . . Machines Repaired . | . . Machines Dismantled . | . . Machines Sabotaged . | . . Overloaded Fab Kills . | . . Hacking | -11 -10 --------- Run | Yrd Mat Machines Accessed . | . . Terminals . | . . Fabricators . | . . Repair Stations . | . . Recycling Units . | . . Scanalyzers . | . . Garrison Access . | . . Total Hacks . | . . Successful . | . . Failed . | . . Catastrophic . | . . Database Lockouts . | . . Manual . | . . Terminals . | . . Fabricators . | . . Repair Stations . | . . Recycling Units . | . . Scanalyzers . | . . Garrison Access . | . . Terminal Hacks . | . . Fabricator Hacks . | . . Repair Station Hacks . | . . Recycling Unit Hacks . | . . Scanalyzer . | . . Garrison Access Hacks . | . . Unauthorized Hacks . | . . Terminals . | . . Fabricators . | . . Repair Stations . | . . Recycling Units . | . . Scanalyzers . | . . Garrison Access . | . . Data Cores Recovered . | . . Used . | . . Hacking Detections . | . . Full Trace Events . | . . Feedback Events . | . . Feedback Blocked . | . . Robot Schematics Acquired . | . . Robots Built . | . . Authchips . | . . Time . | . . Total Robot Build Rating . | . . Part Schematics Acquired . | . . Parts Built . | . . Authchips . | . . Time . | . . Total Part Build Rating . | . . Parts Repaired . | . . Time . | . . Parts Recycled . | . . Recycled Matter . | . . Retrieved Matter . | . . Retrieved Components . | . . Parts Scanalyzed . | . . Part Schematics Acquired . | . . Parts Damaged . | . . Bothacking | -11 -10 ------------ Run | Yrd Mat Used RIF Installer . | . . Robots Hacked . | . . Non-combat . | . . Combat . | . . Robot Hacks Applied . | . . Relay Couplers Released . | . . Fabnet Peak Effective % . | . . Robots Rewired . | . . Allies Hacked . | . . Hacks Repelled . | . . Allies | -11 -10 -------- Run | Yrd Mat Total Allies . | . . Largest Group . | . . Highest-Rated Group . | . . Highest-Rated Ally . | . . Total Orders . | . . Ally Attacks . | . . Total Damage . | . . Kills . | . . Allies Corrupted . | . . Allies Melted . | . . Intel | -11 -10 ------- Run | Yrd Mat Robot Analysis Total . | . . Derelict Logs Recovered . | . . Drone Launches . | . . Drone Recoveries . | . . Exploration | -11 -10 ------------- Run | Yrd Mat Turns Passed 227 | 102 125 Spaces Moved 139 | 78 61 Core 24 | 24 . Treads . | . . Legs 115 | 54 61 Wheels . | . . Hover . | . . Flight . | . . Fastest Speed 50 | 50 120 Average Speed 107 | 98 120 Slowest Speed 120 | 120 120 Overloaded Moves . | . . Propulsion Burnouts . | . . Robots Hopped . | . . Cave-ins Triggered . | . . Exploration Rate (%) 15 | 8 22 Regions Visited 1 Branch Regions . Pre-discovered Areas . | . . Known Exits Taken . | . . Unknown Exits Taken 1 | 1 . Scrap Searched . | . . Spaces Dug . | . . Terrain Destroyed . | . . Melee . | . . Projectile . | . . AOE . | . . Terrain Rammed . | . . Walls Destroyed . | . . Machines Disabled . | . . Actions | -11 -10 --------- Run | Yrd Mat Total 176 | 95 81 Wait . | . . Move 138 | 77 61 Hop . | . . Pick Up 7 | 7 . Fast Attach . | . . Attach 6 | 6 . Detach . | . . Swap . | . . Drop . | . . Fire 25 | 5 20 Melee . | . . Ram . | . . Kick . | . . Crush . | . . Escape Stasis . | . . Rewire . | . . Trap . | . . Miscellaneous . | . . Route ------- -11/Scrapyard -10/Materials History --------- Turn | Location | Event 2 | -11/Scrapyard | Met Revision 17 68 | -11/Scrapyard | Discovered new exit (range 8) 103 | -11/Scrapyard | Entered Materials 208 | -10/Materials | Core integrity fell below 50% 221 | -10/Materials | Core integrity fell below 20% 228 | -10/Materials | Destroyed by G-34 Mercenary with Small Laser Last Messages --------------- LOCATION=UNKNOWN GOAL=ESCAPE ALERT: A rogue bot has emerged from the scrapyard. Terminate on contact. O-16 Technician: "IFF HANDSHAKE FAILED. SECURING TERMINAL." ALERT: Hostiles spotted, dispatching reinforcements to Terminal M001. Triggered Alarm Trap. An alarm sounds. ALERT: Alarm triggered, dispatching investigation squad. K-01 Serf collects debris. K-01 Serf cleans the Terminal. Lgt. Ion Engine destroyed. K-01 Serf cleans the Terminal. Aluminum Leg destroyed. M-13 Machinist repairs G-34 Mercenary. Aluminum Leg destroyed. Heat Sink destroyed. Map ----- +----------------------------------------------------+ | | | ??????????????????????????????????????? | | ??????????????????????????????????????? | | ??????????????????????????????????????? | | ??????????????????????????????????????? | | ??????????????????????????????????????? | | ??????????????????????????????????????? | | ??????????????????????????????????????? | | ??????????????????????????????????????? | | ??????????????????????????????????????? | | ??????????????????????????????????????? | | ??????????????????????????????????????? | | ??????????????????????????????????????? | | ??????????????????????????????????????? | | ??????????????????????????????????????? | | ??????????????????????????????????????? | | ??????????????????????????????????????? | | ???????????????????????"""????????????? | | ??????????????????????""T"????????????? | | ????????????????????? ????????????? | | ???????????????????? ?????????????? | | ???????????????????? ??????????????? | | ??????????????????? ??????????????? | | ?????????????????? """ ??????????????? | | ??????########### """ ??????????????? | | ??????# g@ # """ "???????? | | ??????# ""gg ???????? | | ??????# """ gT"g# ???????? | | ??????# """ g""g#? w ???????? | | ??????# """ g #?? ####????????? | | ??????# m #?? #???????????? | | ??????# # #???????????? | | ??????# + #???????????? | | ??????###+####### #???????????? | | ######### #???????? #???????????? | | # # #?????????? ?????????? | | # # #???????????? ????????? | | # # ####??????????? ?????????? | | # + #?????????????" ?????????? | | # # #????????????????????????? | | ?#####+## #????????????????????????? | | ?????# # #???????????????????????? | | ?????# #### ??????????????????????? | | ######+##?? ###?????????????????????? | | # #?? ###???????????????????????? | | # #?# #?????????????????????????? | | # #?# #?????????????????????????? | | # ### #?????????????????????????? | | # # #?????????????????????????? | | # # ############??????????????? | +----------------------------------------------------+ Best States ------------- Heat Dissipation 35 Energy Generation 10 Energy Capacity 125 Matter Stores 300 Matter Capacity 300 Sight Range 16 Terrain Scan Density 10 Evasion (%) 55 Item Schematics ----------------- None Robot Schematics ------------------ None Fabricated ------------ Nothing Alien Tech Used ----------------- None Achievements -------------- None Challenges ------------ None Game ------ Seed HelicalSurgeStabilizer Manual? 0 Play Time 00:05:10 Cumulative 2.1 hours Start 2025.01.10 @ 11:27:34 End 2025.01.10 @ 11:32:28 Sessions 1 Manual Loads 0 Difficulty Rogue Special Mode None Game No. 3 Rogue 3 Adventurer 0 Explorer 0 Win Type - Total 0 Types 0/0/0/0/0/0/0/0/0 Lore% 0 Gallery% 5 Achievement% 5 Wizard Run 0 Options --------- Layout 1 ASCII 0 Keyboard 0 Movement Arrows Keybinds 0 Fullscreen 1 Font 24/Smallcaps Map View 50x35 Zoom Use 0% Tactical HUD 0 Map Filters NONE Filters NONE Steam 1 RUN: ceb985c7-77c7-43cd-85b1-5c9c4c966f98